cohdb
Replays
Latest Replays
All Replays
Popular Replays
Top Player Replays
Match Explorer
How It Works
Community
CoH3 Stats
Reddit
Sign in to upload your games and track your stats! →
Sign in with Steam
Match 33187817
Unlisted
Match 33187817
Overview
Messages
Build Orders
End
Construct Infanterie Kompanie
Grenadier Squad
MG 42 Machine Gun Team
Selects Italian Coastal Battlegroup
Selects Coastal Reserves
Coastal Reserve
Grenadier Squad
Construct Panzergrenadier Kompanie
Panzergrenadier Squad
Support Elements
Selects Support Bunkers
MG 42 Bunker
Nebelwerfer 42 Rocket Launcher Team
Panzergrenadier Squad
Selects Designated Artillery Overwatch
Construct Panzer Kompanie
Selects Artillery Officer
Medical Station
Side Skirts
Designated Artillery Overwatch
Coastal Reserve
Panzer IV Medium Tank
Stoßtruppen Squad
Coastal Reserve
Selects Obice da 210/22 Artillery Emplacement
Selects Call the Reserves!
Panzer IV Medium Tank
Panzer IV Medium Tank
Coastal Reserve
[1R0N]SHAH1DEN.
Pipelayer
OKW 1st Guards Motor
kya100789
la
Dumbass
PaNiC
Turtleboy
0
0
Comments
sign in to comment!
No comments posted yet!